 Dungeon Sprint DCSS version 0.32-a0-607-g64ea0e4219 (webtiles) character file.

Game seed: 9856476375633932023

364 rocky1 the Basher (level 6, -6/61 HPs)
             Began as a Mountain Dwarf Fighter on Mar 4, 2024.
             Was an Initiate of Gozag.
             Mangled by a guardian mummy (13 damage)
             ... in the Dungeon (Sprint VII: "The Pits").
             The game lasted 00:01:52 (1152 turns).

rocky1 the Basher (Mountain Dwarf Fighter)          Turns: 1152, Time: 00:01:52

Health: -6/61      AC: 15    Str: 20    XL:     6   Next: 39%
Magic:  6/6        EV:  6    Int:  9    God:    Gozag
Gold:   909        SH:  5    Dex:  9    Spells: 5/5 levels left

rFire   . . .        s - +2 flail (pain)
rCold   . . .        c - +0 buckler
rNeg    . . .        p - +2 plate armour
rPois   .            (no helmet)
rElec   .            (no cloak)
rCorr   .            (no gloves)
SInv    .            (no boots)
Will    .....        (no amulet) Stlth
                     (no ring)
HPRegen 0.30/turn    (no ring)
MPRegen 0.10/turn

%: no teleportation
@: mighty
A: runic magic, artefact enchanting
a: Renounce Religion, Potion Petition, Call Merchant, Bribe Branch


You were in the Dungeon.
You worshipped Gozag.
Gozag was pleased with you.
You visited 1 branch You collected 909 gold pieces.

Inventory:

Hand Weapons
 a - a +0 flail
 s - a +2 flail of pain (weapon)
Missiles
 o - 2 poisoned darts (quivered)
Armour
 b - a +0 scale mail
 c - a +0 buckler (worn)
 p - a +2 plate armour (worn)
Wands
 q - a wand of iceblast (6)
 r - a wand of flame (22)
Scrolls
 j - a scroll of blinking
 l - 2 scrolls of vulnerability
 m - 5 scrolls of amnesia
 n - a scroll of butterflies
Potions
 e - 6 potions of curing
 f - 6 potions of heal wounds
 g - a potion of haste
 h - 4 potions of magic
 i - a potion of berserk rage
 k - 2 potions of invisibility


   Skills:
 + Level 8.2 Fighting
 + Level 9.2 Maces & Flails
 + Level 8.6 Armour
 + Level 1.7 Stealth
 + Level 6.8 Shields


You had 5 spell levels left.
You didn't know any spells.
Your spell library was empty.

Dungeon Overview and Level Annotations

Branches:
Dungeon (1/1)

Altars:
Ashenzari
Cheibriados
Dithmenos
Elyvilon
Fedhas
Gozag
Hepliaklqana
Kikubaaqudgha
Makhleb
Nemelex Xobeh
Okawaru
Qazlal
Ru
Sif Muna
Trog
Uskayaw
Vehumet
Wu Jian
Xom
Yredelemnul
Zin
The Shining One
Beogh
Jiyva
Lugonu


Innate Abilities, Weirdness & Mutations

Your spellcasting is much less encumbered by armour.
You can use scrolls of enchantment on lesser artefacts.


Message History

Things that are here:
a +2 flail of pain; a +0 leather armour
There are no items here.
There are no items here.
You start resting.
HP restored.
You start waiting.
Done waiting.
You start waiting.
Done waiting.
There is an open door here.
Things that are here:
a +2 flail of pain; a +0 leather armour
s - a +2 flail of pain You have a feeling of ineptitude.
s - a +2 flail of pain (weapon)
Unknown command.
You start waiting.
Done waiting.
You open the door.
A guardian mummy comes into view.
You feel very mighty all of a sudden. The guardian mummy hits you!!
You sock the guardian mummy!
The guardian mummy is lightly damaged.
The guardian mummy hits you!
You closely miss the guardian mummy.
The guardian mummy is lightly damaged.
You closely miss the guardian mummy.
The guardian mummy is lightly damaged.
You block the guardian mummy's attack.
You sock the guardian mummy!
The guardian mummy is heavily damaged.
The guardian mummy hits you!!
* * * LOW HITPOINT WARNING * * *
You sock the guardian mummy!
The guardian mummy is severely damaged.
The guardian mummy hits you!
You die...
Your body crumbles into a pile of gold.

#.#........##.......#
#)###########.......#
#.......# #########
#..###..# #.......#
##.###.##+#
#.......#.+
#..###).#M#
#.......[@#
###########


You could see a guardian mummy.

Vanquished Creatures
  Edmund (D)
  An ogre (D)
  A kobold brigand (D)
  A jelly (D)
  Ijyb (D)
  Terence (D)
  A river rat (D)
  A ribbon worm (D)
  3 endoplasms (D)
  2 kobolds (D)
  A frilled lizard (D)
  2 rats (D)
16 creatures vanquished.

Notes
Turn   | Place    | Note
-------+----------+-------------------------------------------
     0 | D        | rocky1 the Mountain Dwarf Fighter began the quest for the
                  | Orb.
     0 | D        | Reached XP level 1. HP: 19/19 MP: 1/1
    36 | D        | Found a bloodstained altar of Trog.
    36 | D        | Found a shimmering blue altar of Sif Muna.
    36 | D        | Found a viscous altar of Jiyva.
    36 | D        | Found a hazy altar of Hepliaklqana.
    36 | D        | Found an opulent altar of Gozag.
    37 | D        | Found a glowing golden altar of the Shining One.
    37 | D        | Found a glowing silver altar of Zin.
    37 | D        | Found a basalt altar of Yredelemnul.
    37 | D        | Found a shimmering altar of Xom.
    37 | D        | Found an ornate altar of the Wu Jian Council.
    37 | D        | Found a sacrificial altar of Ru.
    37 | D        | Found a stormy altar of Qazlal.
    37 | D        | Found an iron altar of Okawaru.
    37 | D        | Found a sparkling altar of Nemelex Xobeh.
    37 | D        | Found a burning altar of Makhleb.
    37 | D        | Found a blossoming altar of Fedhas.
    37 | D        | Found a white marble altar of Elyvilon.
    37 | D        | Found a shadowy altar of Dithmenos.
    37 | D        | Found a snail-covered altar of Cheibriados.
    40 | D        | Found a corrupted altar of Lugonu.
    40 | D        | Found a radiant altar of Vehumet.
    40 | D        | Found a roughly hewn altar of Beogh.
    41 | D        | Found an ancient bone altar of Kikubaaqudgha.
    41 | D        | Found a hide-covered altar of Uskayaw.
    41 | D        | Found a broken altar of Ashenzari.
    44 | D        | Became a worshipper of Gozag Ym Sagoz the Greedy
    89 | D        | Reached skill level 3 in Maces & Flails
    89 | D        | Reached XP level 2. HP: 27/27 MP: 2/2
   104 | D        | Noticed a kobold brigand
   125 | D        | Killed a kobold brigand
   126 | D        | Reached skill level 5 in Fighting
   126 | D        | Reached skill level 4 in Maces & Flails
   126 | D        | Reached skill level 5 in Armour
   126 | D        | Reached skill level 5 in Shields
   126 | D        | Reached XP level 3. HP: 10/37 MP: 3/3
   126 | D        | Reached XP level 4. HP: 12/44 MP: 4/4
   446 | D        | Noticed Terence
   447 | D        | Noticed an ogre
   458 | D        | Killed Terence
   459 | D        | Reached skill level 5 in Maces & Flails
   459 | D        | Reached skill level 1 in Stealth
   462 | D        | Killed an ogre
   463 | D        | Reached skill level 6 in Maces & Flails
   463 | D        | Reached XP level 5. HP: 33/52 MP: 5/5
   464 | D        | Reached skill level 7 in Maces & Flails
   578 | D        | Noticed Ijyb
   589 | D        | Killed Ijyb
   698 | D        | Noticed Edmund
   710 | D        | Killed Edmund
   711 | D        | Reached skill level 9 in Maces & Flails
   711 | D        | Reached XP level 6. HP: 21/61 MP: 6/6
  1146 | D        | Noticed a guardian mummy
  1152 | D        | Mangled by a guardian mummy

Illustrated notes

Levels and vault maps discovered:
D:        pitsprint [storerooms_1, entrance_room_1, metal_vault_6, armoury_2,
          mini_pit_1, grid_room_1, main_hall_1, silver_pit, the_coven_1,
          the_vestibule_1, steel_vault_1, golden_pit, hallway_of_sentries,
          crystal_vault_1, iron_vault_4, final_vault]

Skill      XL: |  1  2  3  4  5 |
---------------+----------------+-----
Fighting       | 4 5 7 8 |  8.2
Maces & Flails | 3 4 6 9 |  9.2
Armour         | 4 5 7 8 |  8.6
Shields        | 4 5 6 |  6.8
Stealth        | 1 |  1.7

Action                     |  1- 3 |  4- 6 || total
---------------------------+-------+-------++-------
  Melee: Flail             |    22 |    45 ||    67
    Use: Potion            |     1 |     2 ||     3
   Stab: Distracted        |     1 |       ||     1
 Armour: Scale mail        |    16 |     3 ||    19
         Plate armour      |       |    23 ||    23
  Dodge: Dodged            |     9 |    14 ||    23
  Block: Buckler           |     2 |     3 ||     5

Table legend: (Time is in decaauts)
 A = Elapsed time spent in this place.
 B = Non-inter-level travel time spent in this place.
 C = Inter-level travel time spent in this place.
 D = Time resting spent in this place.
 E = Time spent auto-exploring this place.
 F = Levels seen in this place.
 G = Mean time per level.
                   A        B        C        D        E       F      G
               +--------+--------+--------+--------+--------+-----+--------+
         Total |   1175 |   1155 |     20 |    860 |      0 |   1 | 1175.0 |
       Dungeon |   1175 |   1155 |     20 |    860 |      0 |   1 | 1175.0 |
               +--------+--------+--------+--------+--------+-----+--------+

Top non-repeatable levels by time:
       D: 1175 daAuts
